 Dungeon Crawl Stone Soup version 0.29-a0-887-gcbe080d7e0 (webtiles) character file.

Game seed: 15213659413892323849

6470 spiderkeys the Destroyer (level 11, -6/61 HPs)
             Began as an Octopode Conjurer on July 21, 2022.
             Was an Initiate of Gozag.
             Mangled by a warg (7 damage)
             ... on level 10 of the Dungeon.
             The game lasted 00:21:00 (15072 turns).

spiderkeys the Destroyer (Octopode Conjurer)       Turns: 15072, Time: 00:21:01

Health: -6/61      AC:  1    Str: 19    XL:     11   Next: 0%
Magic:  0/24       EV: 13    Int: 25    God:    Gozag
Gold:   1006       SH:  0    Dex: 10    Spells: 13/29 levels left

rFire   + . .      SeeInvis .   o - +4 dagger (venom)
rCold   . . .      Faith    .   (no shield)
rNeg    . . .      Spirit   +   (helmet restricted)
rPois   +          Reflect  .   G - amulet of guardian spirit
rElec   .          Harm     .   S - +6 ring of strength
rCorr   .          Rampage  .   F - ring of protection from fire
Will    .....                   s - +6 ring of strength
Stlth   +++.......              L - ring of flight
HPRegen 0.20/turn               P - ring of poison resistance
MPRegen 0.19/turn               (no ring)
                                (no ring)
                                (no ring)

@: gold aura, flying
A: almost no armour, amphibious, 8 rings, camouflage 1, gelatinous body 1,
(nimble swimmer 1), tentacles
a: Renounce Religion, Potion Petition, Call Merchant, Bribe Branch


You were on level 10 of the Dungeon.
You worshipped Gozag.
Gozag was most pleased with you.
You visited 2 branches of the dungeon, and saw 12 of its levels.

You collected 1112 gold pieces.
You paid 106 gold pieces to Gozag.


Innate Abilities, Weirdness & Mutations

You cannot wear most types of armour.
You are amphibious.
You can wear up to eight rings at the same time.
Your skin changes colour to match your surroundings (Stealth+).
Your rubbery body absorbs attacks. (AC +1, EV +1)
((You are camouflaged when in or above water. (Stealth+)))
You have tentacles for arms and can constrict up to eight enemies at once.


   Skills:
 - Level 2.0 Dodging
 - Level 2.6 Stealth
 + Level 9.5 Spellcasting
 + Level 10.9 Conjurations
 - Level 5.0 Hexes
 - Level 5.0 Translocations
 + Level 2.7 Transmutations


You had 13 spell levels left.
You knew the following spells:

 Your Spells              Type           Power      Damage    Failure   Level
f - Fulminant Prism       Conj/Hex       25%        3d14      1%          4
i - Iskenderun's Mystic   Conj/Tloc      51%        2d11      1%          4
m - Magic Dart            Conj           100%       1d8       1%          1
s - Searing Ray           Conj           100%       2d8       1%          2
I - Irradiate             Conj/Tmut      23%        3d19      9%          5

Your spell library contained the following spells:

 Spells                   Type           Power      Damage    Failure   Level
 Apportation              Tloc           72%        N/A       1%          1
 Static Discharge         Conj/Air       39%        3-8/arc   1%          2
 Dazzling Flash           Conj/Hex       100%       N/A       1%          3
 Iskenderun's Battlesphe  Conj           61%        2d11      1%          5
 Ensorcelled Hibernation  Hex/Ice        48%        N/A       2%          2
 Mephitic Cloud           Conj/Pois/Air  30%        N/A       3%          3
 Necrotise                Necr           44%        1d6       5%          1
 Summon Small Mammal      Summ           44%        N/A       5%          1
 Sticky Flame             Conj/Fire      39%        2d6       5%          4
 Poisonous Vapours        Pois/Air       22%        N/A       8%          2
 Fireball                 Conj/Fire      19%        3d9       16%         5
 Blade Hands              Tmut           12%        N/A       43%         5
 Orb of Destruction       Conj           30%        9d10      43%         7
 Dispel Undead            Necr           11%        3d9       45%         4
 Conjure Ball Lightning   Conj/Air       19%        3x3d6     63%         6
 Dragon Form              Tmut           12%        N/A       100%        7
 Ozocubu's Refrigeration  Ice            5%         4d6       100%        7
 Corpse Rot               Necr/Pois/Air  Unusable   N/A       N/A         4

Inventory:

Hand Weapons
 o - a +4 dagger of venom (weapon)
   (You took it off an orc wizard on level 4 of the Dungeon)
Missiles
 b - 15 boomerangs
 f - 104 stones
 g - 38 poisoned darts
Jewellery
 s - a +6 ring of strength (on tentacle)
   (You found it on level 5 of the Dungeon)
 z - a +6 ring of strength
   (You found it on level 10 of the Dungeon)
 F - a ring of protection from fire (right tentacle)
   (You found it on level 4 of the Dungeon)
 G - an amulet of guardian spirit (around mantle)
   (You found it on level 2 of the Dungeon)
 L - a ring of flight (on tentacle)
   (You found it on level 5 of the Dungeon)
 P - a ring of poison resistance (on tentacle)
   (You found it on level 9 of the Dungeon)
 S - a +6 ring of strength (left tentacle)
   (You found it on level 3 of the Dungeon)
Wands
 h - a wand of quicksilver (1)
   (You took it off Ijyb on level 3 of the Dungeon)
 t - a wand of flame (17)
   (You found it on level 7 of the Dungeon)
 y - a wand of polymorph (12)
   (You found it on level 6 of the Dungeon)
 A - a wand of paralysis (9)
   (You found it on level 8 of the Dungeon)
Scrolls
 c - 3 scrolls of fear
 d - 2 scrolls of enchant weapon
 e - 7 scrolls of teleportation {@r4}
 m - 2 scrolls of vulnerability {!r!r}
 n - 3 scrolls of noise {!r}
 v - a scroll of butterflies
 w - a scroll of summoning
 x - a scroll of torment {!r}
 B - a scroll of enchant armour
Potions
 i - a potion of heal wounds {@q2}
 j - 4 potions of brilliance
 k - 9 potions of curing {@q1}
 l - 5 potions of degeneration {!q}
 p - 3 potions of cancellation {unknown}
 q - 3 potions of lignification {!q}
 r - 2 potions of flight {unknown}
 u - a potion of resistance {unknown}

Dungeon Overview and Level Annotations

Branches:
Dungeon (11/15) Zot: 26684  Temple (1/1) D:6 Zot: 5889     Orc (0/2) D:11
   Lair: D:8-11

Altars:
Ashenzari
Cheibriados
Elyvilon
Fedhas
Gozag
Hepliaklqana
Kikubaaqudgha
Makhleb
Nemelex Xobeh
Okawaru
Qazlal
Ru
Sif Muna
Trog
Uskayaw
Vehumet
Wu Jian
Xom
Yredelemnul
Zin
The Shining One

Shops:
D:1 [   D:3 (

Annotations:
D:9 1 transporter, Gastronok
D:10 3 runed translucent doors, zhov's ghost, novice MiHu

######......#.##.###
#.........#.###
##.......#.#....
##............... #
#..#####..####... ..#
##.## ####..###. ....
#####..# ...... ##
..o.. #.....## .......
# ......#oooh@#..#
..#.$##
..o...$$.$..#5Y# #..#.
....!..o*...#5.# #..#.
.....##.....##..##
###...#. ....
####...#.5.####....##.
..#
#......##.Y........#..
#
#.......#.W.......##.#
#.......##.......##..#
#........###+++###....


You could see a warg, an orc warrior (ally target), 2 ice beasts, 2 orc priests,
an orc wizard, zhov's ghost, 3 white imps and a friendly fulminant prism.


Message History

😎 MP[+1]
The orc priest attacks as you move away!
The orc priest barely misses you.
The blast of energy engulfs the gnoll!!
You kill the gnoll!
The blast of energy engulfs the orc!!
You kill the orc!
The blast of energy engulfs the gnoll!
You kill the gnoll!
The blast of energy engulfs the gnoll sergeant.
The blast of energy engulfs the warg!
The blast of energy engulfs the orc priest!!
You kill the orc priest!
You hear a shout! x2; You hear a bellow!
Casting: Fulminant Prism (dangerous; 1% risk of failure)
Confirm with . or Enter, or press ? or * to list all spells.
Aiming: Fulminant Prism (dangerous; 1% risk of failure)
Press: ? - help, Dir - move target You conjure a prism of explosive energy!
The white imp shouts!
A fulminant prism comes into view.
Something shouts, "Get thee gone, thou peeagling miscreant varlet!"
The warg is distracted by your dazzling golden aura.
The orc wizard is distracted by your dazzling golden aura. 😎 MP[-4]
You lost 4 mp, and now have 12/23 mp.
The orc is distracted by your dazzling golden aura.
The gnoll sergeant hits your fulminant prism with a +0 spear.
The orc priest is distracted by your dazzling golden aura.
Your fulminant prism crackles loudly.
The warg howls!
The orc priest shouts!
The orc wizard shouts!
The warg is no longer distracted by gold.
The warg is distracted by your dazzling golden aura.
The blast of energy engulfs the orc warrior!
The blast of energy engulfs the gnoll.
The blast of energy engulfs the warg!!
The blast of energy engulfs the gnoll sergeant!!
The blast of energy engulfs the warg!!
You kill the warg!
The orc shouts!
Casting: Fulminant Prism (dangerous; 1% risk of failure)
Confirm with . or Enter, or press ? or * to list all spells.
Aiming: Fulminant Prism (dangerous; 1% risk of failure)
Press: ? - help, Dir - move target You conjure a prism of explosive energy!
A fulminant prism comes into view.
An orc priest comes into view. It is wielding a +0 club.
The gnoll hits your fulminant prism with a +0 flail.
The white imp is distracted by your dazzling golden aura.
An orc wizard comes into view.
It is wielding a +0 dagger and wearing a +2 robe of fire resistance.
The warg bites you but does no damage. 😎 MP[-4]
You lost 4 mp, and now have 8/23 mp.
The orc priest is no longer distracted by gold.
The orc is no longer distracted by gold.
The gnoll hits your fulminant prism with a +0 flail!
The gnoll sergeant hits you from afar with a +0 spear.
The white imp picks up a beetle and eats it.
The warg misses you.
Your fulminant prism crackles loudly. 😕 HP[-3]
You take 3 damage, and now have 53/56 hp.
The orc wizard is no longer distracted by gold.
The white imp is no longer distracted by gold.
The warg bites you.
The gnoll hits your fulminant prism with a +0 flail.
The blast of energy engulfs the gnoll!!
You kill the gnoll!
The blast of energy engulfs the orc!
You kill the orc!
The blast of energy engulfs the orc warrior!
The blast of energy engulfs the gnoll sergeant!!
You kill the gnoll sergeant!
The orc warrior closely misses you.
The white imp is distracted by your dazzling golden aura.
You have reached level 11! 😕 HP[-1]
You now have 61 max hp (+5).
Casting: Fulminant Prism (dangerous; 1% risk of failure)
Confirm with . or Enter, or press ? or * to list all spells.
Aiming: Fulminant Prism (dangerous; 1% risk of failure)
Press: ? - help, Dir - move target You conjure a prism of explosive energy!
The white imp shouts!
A fulminant prism comes into view.
The warg barely misses you.
The orc warrior hits you from afar with a +0 glaive!
The ice beast is distracted by your dazzling golden aura.
The warg bites you!
* * * LOW HITPOINT WARNING * * *
😨 HP[-28] MP[-6]
You take 28 damage, and now have 24/61 hp.
MASSIVE DAMAGE!! (PAUSE)
You lost 6 mp, and now have 2/24 mp.
The ice beast is no longer distracted by gold.
The orc priest is distracted by your dazzling golden aura.
The orc warrior hits you from afar with a +0 glaive!!
* * * LOW HITPOINT WARNING * * *
The warg bites you!
You die...
Your body crumbles into a pile of gold.

Skill      XL: |  1  2  3  4  5  6  7  8  9 10 |
---------------+-------------------------------+-----
Spellcasting   | 3 4 5 6 7 9 |  9.5
Conjurations   | 5 6 7 8 9 10 | 10.9
Hexes          | 3 5 |  5.0
Translocations | 2 4 5 |  5.0
Transmutations | 2 |  2.7
Dodging        | |  2.0
Stealth        | |  2.6

Action                   |  1- 3 |  4- 6 |  7- 9 | 10-12 || total
-------------------------+-------+-------+-------+-------++-------
Melee: Unarmed           |     7 |       |       |       ||     7
       Tentacles         |     6 |       |     5 |     1 ||    12
       Constrict         |     4 |       |     3 |     1 ||     8
       Dagger            |     7 |       |     7 |     2 ||    16
Throw: Dart              |     2 |       |       |       ||     2
 Cast: Magic Dart        |    61 |    89 |   151 |    80 ||   381
       Searing Ray       |     3 |     7 |    53 |    21 ||    84
       Fulminant Prism   |       |       |     2 |    31 ||    33
       Iskenderun's Myst |       |       |       |     6 ||     6
Evoke: Wand              |       |     2 |     1 |    11 ||    14
  Use: Scroll            |       |     6 |     9 |     2 ||    17
       Potion            |       |       |     1 |     2 ||     3
Armor: Skin              |       |       |     3 |     2 ||     5
Dodge: Dodged            |    17 |     6 |    46 |    31 ||   100

Levels and vault maps discovered:
D:1:      dpeg_arrival_refuge, layout_loops_ring, serial_forest,
          infiniplex_forest_clump_long, infiniplex_forest_straight_4,
          infiniplex_forest_pool, infiniplex_forest_end_1,
          infiniplex_forest_straight_4, infiniplex_forest_lined_room_2,
          infiniplex_forest_lined_2, basic_ecumenical_altar, serial_shops,
          nicolae_shop_overgrown_old_shop, nicolae_wormholes
D:2:      layout_loops_ring, uniq_sigmund
D:3:      layout_basic, tso_oasis_becter, nicolae_overflow_ecumenical_swirl,
          serial_shops, shop, ebering_ghost_reflecting_pool, grunt_ministairs_2,
          uniq_ijyb
D:4:      layout_basic, nicolae_titane
D:5:      layout_basic, minivault_25, sigmund_army
D:6:      layout_layer_cave, temple_pool_b, uniq_pikel
D:7:      layout_loops_ring, general_overflow_altar,
          nicolae_qazlal_scattered_showers, serial_undead, serial_undead_a,
          serial_undead_f, serial_undead_d, serial_undead_e,
          minmay_crystal_water
D:8:      layout_layer_cave, hex_tiny, minmay_crossroads
D:9:      layout_rooms, mainiacjoe_overflow_concentric_impassable,
          gammafunk_ghost_abyssal_escape, corner_web_ring, st_stairs_13,
          uniq_gastronok
D:10:     layout_basic, lemuel_crystal_altar, erik_lair_orcish_takeover,
          gammafunk_ghost_icy, minmay_misc_feat_nine_boxes, uniq_grum
D:11:     minmay_distorted_concentric_squares, layout_small_grid, orc_0_dummy,
          minmay_misc_feat_columns, chequers_serial_rivers_micro_d,
          bh_circular_ruins, uniq_lodul, uniq_amaemon, uniq_erica
Temple:   eino_temple_scatter_basement

Notes
Turn   | Place    | Note
-------+----------+-------------------------------------------
     0 | D:1      | spiderkeys the Octopode Conjurer began the quest for the
                  | Orb.
     0 | D:1      | Reached XP level 1. HP: 11/11 MP: 3/3
     0 | D:1      | magus.rc [v1.11.3]
   473 | D:1      | Reached XP level 2. HP: 17/17 MP: 3/5
   618 | D:1      | Found a faded altar of an unknown god.
   636 | D:1      | Found Yqiykees's Antique Armour Boutique.
  1151 | D:1      | Reached XP level 3. HP: 21/21 MP: 4/6
  1335 | D:1      | Learned a level 2 spell: Searing Ray
  1823 | D:2      | Identified the +1 ring mail of the Well-Known Stars {Str+5
                  | Int-2 Dex+5}
  2019 | D:2      | Noticed Sigmund
  2340 | D:2      | Reached skill level 3 in Spellcasting
  2525 | D:2      | Reached XP level 4. HP: 27/27 MP: 0/8
  2818 | D:3      | Found Matik's Weapon Shoppe.
  3048 | D:3      | Found a runed translucent door.
  3293 | D:3      | Reached skill level 5 in Conjurations
  3383 | D:3      | Found a glowing golden altar of the Shining One.
  3475 | D:3      | Reached XP level 5. HP: 31/31 MP: 7/10
  3479 | D:3      | Noticed Ijyb
  3485 | D:3      | Killed Ijyb
  3594 | D:3      | Found a faded altar of an unknown god.
  3598 | D:3      | Found a white marble altar of Elyvilon.
  4273 | D:3      | Noticed Bl4cKSa5uke's ghost (amateur GnMo)
  4284 | D:3      | Killed Bl4cKSa5uke's ghost
  4285 | D:3      | Reached skill level 4 in Spellcasting
  4285 | D:3      | Reached skill level 6 in Conjurations
  4285 | D:3      | Reached XP level 6. HP: 33/36 MP: 3/12
  4829 | D:4      | Reached skill level 5 in Spellcasting
  4829 | D:4      | Reached XP level 7. HP: 41/41 MP: 7/14
  5583 | D:5      | Entered Level 5 of the Dungeon
  5743 | D:5      | Reached skill level 7 in Conjurations
  5949 | D:5      | Reached skill level 6 in Spellcasting
  5949 | D:5      | Reached XP level 8. HP: 46/46 MP: 8/17
  6832 | D:5      | Reached skill level 8 in Conjurations
  7101 | D:5      | You add the spells Ensorcelled Hibernation, Poisonous
                  | Vapours, Mephitic Cloud and Ozocubu's Refrigeration to your
                  | library.
  7101 | D:5      | Got the Tome of the Winter and Feathers
  7240 | D:5      | Learned a level 4 spell: Iskenderun's Mystic Blast
  7245 | D:5      | Learned a level 4 spell: Fulminant Prism
  7341 | D:6      | Reached skill level 1 in Hexes
  7349 | D:6      | Reached skill level 1 in Translocations
  7350 | D:6      | Reached skill level 2 in Hexes
  8030 | D:6      | Reached skill level 3 in Hexes
  8030 | D:6      | Reached skill level 2 in Translocations
  8030 | D:6      | Reached XP level 9. HP: 47/51 MP: 11/19
  8086 | D:6      | Reached skill level 7 in Spellcasting
  8185 | D:6      | Found a staircase to the Ecumenical Temple.
  8195 | Temple   | Entered the Ecumenical Temple
  8287 | Temple   | Became a worshipper of Gozag Ym Sagoz the Greedy
  8443 | D:6      | Noticed Pikel
  8455 | D:6      | Killed Pikel
  8456 | D:6      | Reached skill level 4 in Hexes
  8605 | D:6      | Reached skill level 3 in Translocations
  9689 | D:2      | Killed Sigmund
  9839 | D:7      | Reached skill level 5 in Hexes
  9966 | D:7      | Reached skill level 9 in Conjurations
 10193 | D:7      | Reached skill level 4 in Translocations
 10660 | D:7      | You pick up a book of Cantrips and begin reading...
 10660 | D:7      | You add the spells Necrotise, Summon Small Mammal and
                  | Apportation to your library.
 10662 | D:7      | Found an ornate altar of the Wu Jian Council.
 10750 | D:7      | Reached XP level 10. HP: 39/56 MP: 8/21
 10853 | D:7      | Reached skill level 8 in Spellcasting
 10954 | D:7      | Found a stormy altar of Qazlal.
 11194 | D:7      | You pick up a book of the Spheres and begin reading...
 11194 | D:7      | You add the spells Iskenderun's Battlesphere, Fireball,
                  | Conjure Ball Lightning and Orb of Destruction to your
                  | library.
 11368 | D:7      | Reached skill level 5 in Translocations
 12264 | D:8      | You pick up a book of Transfigurations and begin reading...
 12264 | D:8      | You add the spells Irradiate, Blade Hands and Dragon Form
                  | to your library.
 12573 | D:8      | You pick up a book of Touch and begin reading...
 12573 | D:8      | You add the spells Static Discharge, Sticky Flame and
                  | Dispel Undead to your library.
 12814 | D:8      | Reached skill level 10 in Conjurations
 13123 | D:8      | You pick up a book of Conjurations and begin reading...
 13493 | D:9      | Noticed Gastronok
 13798 | D:9      | Reached skill level 9 in Spellcasting
 14008 | D:9      | You pick up a book of Vapours and begin reading...
 14023 | D:9      | HP: 14/56 [Gastronok/the air (31)]
 14406 | D:9      | Found a transporter.
 14441 | D:9      | Noticed a skeletal warrior
 14452 | D:9      | Noticed a wizard
 14478 | D:9      | You are sucked into a shaft and drop 1 floor!
 14478 | D:10     | Entered Level 10 of the Dungeon
 14486 | D:10     | Found a runed translucent gate.
 14487 | D:10     | Found a runed translucent gate.
 14488 | D:10     | Found a runed translucent gate.
 14520 | D:10     | Noticed zhov's ghost (novice MiHu)
 14531 | D:10     | Found an ancient bone altar of Kikubaaqudgha.
 14565 | D:10     | Learned a level 5 spell: Irradiate
 14701 | D:10     | Noticed a two-headed ogre
 14735 | D:10     | Killed a two-headed ogre
 14736 | D:10     | Reached skill level 1 in Transmutations
 14745 | D:10     | Noticed Grum
 14758 | D:11     | Found a staircase to the Orcish Mines.
 14801 | D:10     | Noticed Grum
 14801 | D:10     | Grum changed into Grum the ice beast
 14815 | D:10     | Killed Grum the ice beast
 14815 | D:10     | HP: 12/56 [wolf[Grum] (3)]
 14816 | D:10     | Reached skill level 2 in Transmutations
 15071 | D:10     | Reached XP level 11. HP: 52/61 MP: 8/24
 15072 | D:10     | HP: 1/61 [orc warrior/+0 glaive (23)]
 15072 | D:10     | Mangled by a warg

Vanquished Creatures
  A two-headed ogre (D:10)
  Pikel (D:6)
  2 hornets (D:9)
  Sigmund (D:2)
  The ghost of Bl4cKSa5uke the Ducker, an amateur GnMo (D:3)
  2 steam dragons
  A warg (D:10)
  2 water moccasins (D:6)
  3 sky beasts
  2 ice beasts
  2 black bears
  2 orc warriors (D:8)
  An ogre (D:6)
  A centaur (D:7)
  3 wolves (D:10)
  2 lemures (D:6)
  3 phantoms
  2 kobold brigands
  5 bullfrogs
  A necrophage (D:5)
  A gnoll sergeant (D:10)
  2 scorpions
  A water moccasin zombie (D:7)
  3 wights (D:7)
  7 killer bees
  2 howler monkeys
  4 centaur zombies (D:7)
  A bullfrog zombie (D:7)
  3 jellies
  5 hounds
  6 orc priests
  A gnoll bouda (D:5)
  5 iguanas
  Ijyb (D:3)
  11 orc wizards
  2 howler monkey zombies (D:7)
  10 gnolls
  7 adders
  A white imp (D:6)
  An ufetubus (D:4)
  2 worms
  2 dart slugs
  31 orcs
  4 endoplasms (D:4)
  7 goblins
  13 hobgoblins
  7 jackals (D:3)
  20 kobolds
  2 quokkas
  7 ball pythons
  9 bats
  3 frilled lizards
  5 rats
224 creatures vanquished.

Vanquished Creatures (others)
  An orc wizard (D:7)
  32 fulminant prisms
  3 plants (D:3)
  5 withered plants (D:7)
41 creatures vanquished.

Grand Total: 265 creatures vanquished

Table legend:
 A = Non-vault XP
 B = Vault XP
 C = Vault XP percentage of total XP
 D = Non-vault monster count
 E = Vault monster count
 F = Vault count percentage of total count
                 A         B        C        D         E       F
            +---------+---------+-------+---------+---------+-------
      Total |    6024 |    3220 |  34.8 |     187 |      36 |  16.1
            +---------+---------+-------+---------+---------+-------
        D:1 |      38 |       5 |  11.6 |      24 |       1 |   4.0
        D:2 |      40 |     231 |  85.2 |       9 |       1 |  10.0
        D:3 |     109 |     239 |  68.7 |      30 |       3 |   9.1
        D:4 |     395 |       0 |   0.0 |      25 |       0 |   0.0
        D:5 |     877 |      22 |   2.4 |      25 |       5 |  16.7
        D:6 |    1057 |     651 |  38.1 |      16 |       1 |   5.9
        D:7 |    1092 |     562 |  34.0 |      20 |      11 |  35.5
        D:8 |     744 |     277 |  27.1 |      17 |       4 |  19.0
        D:9 |     610 |     541 |  47.0 |      12 |       2 |  14.3
       D:10 |    1062 |     692 |  39.5 |       9 |       8 |  47.1
            +---------+---------+-------+---------+---------+-------

Illustrated notes

Table legend:
 A = Kills in this place as a percentage of kills in entire the game.
 B = Kills by you in this place as a percentage of kills by you in the entire game.
 C = Kills by friends in this place as a percentage of kills by friends in the entire game.
 D = Other kills in this place as a percentage of other kills in the entire game.
 E = Experience gained in this place as a percentage of experience gained in the entire game.
 F = Experience gained in this place divided by the number of levels of this place that you have seen.
                   A       B       C       D       E      F
               +-------+-------+-------+-------+-------+----------------------
         Total | 100.0 | 100.0 |   N/A | 100.0 | 100.0 | 770.3
       Dungeon | 100.0 | 100.0 |   N/A | 100.0 | 100.0 | 840.4
               +-------+-------+-------+-------+-------+----------------------

Table legend: (Time is in decaauts)
 A = Elapsed time spent in this place.
 B = Non-inter-level travel time spent in this place.
 C = Inter-level travel time spent in this place.
 D = Time resting spent in this place.
 E = Time spent auto-exploring this place.
 F = Levels seen in this place.
 G = Mean time per level.
                   A        B        C        D        E       F      G
               +--------+--------+--------+--------+--------+-----+--------+
         Total |  15080 |  14580 |    500 |   1776 |  11335 |  12 | 1256.7 |
       Dungeon |  14969 |  14486 |    483 |   1776 |  11265 |  11 | 1360.8 |
        Temple |    110 |     93 |     17 |      0 |     70 |   1 |  110.0 |
               +--------+--------+--------+--------+--------+-----+--------+

Top non-repeatable levels by time:
     D:8: 2402 daAuts
     D:6: 2119 daAuts
     D:7: 1814 daAuts
     D:5: 1751 daAuts
     D:1: 1673 daAuts
     D:3: 1656 daAuts
     D:2: 1316 daAuts
     D:4: 1297 daAuts
    D:10: 592 daAuts
     D:9: 343 daAuts
  Temple: 110 daAuts
    D:11: 1 daAuts
